 Dungeon Crawl Stone Soup version 0.30-a0-719-gcc4359ea44 (webtiles) character file.

Game seed: 6984301861262769919

24 Arximoufas the Cutter (level 2, -1/22 HPs)
             Began as a Demonspawn Warper on Jan 26, 2023.
             Slain by Terence
             ... wielding a +0 falchion
              (5 damage)
             ... on level 2 of the Dungeon.
             The game lasted 00:01:51 (792 turns).

Arximoufas the Cutter (Demonspawn Warper)            Turns: 792, Time: 00:01:52

Health: -1/22      AC:  3    Str: 10    XL:     2   Next: 79%
Magic:  5/5        EV: 11    Int: 18    God:
Gold:   45         SH:  0    Dex: 11    Spells: 5/5 levels left

rFire   . . .      SeeInvis .    a - +0 short sword
rCold   . . .      Faith    .    (no shield)
rNeg    . . .      Spirit   .    b - +0 leather armour
rPois   .          Reflect  .    (no helmet)
rElec   .          Harm     .    (no cloak)
rCorr   .          Rampage  .    (no gloves)
Will    .....                    (no boots)
Stlth   +                        (no amulet)
HPRegen 0.23/turn                (no ring)
MPRegen 0.09/turn                (no ring)

@: no status effects
A: foul stench 1, talons 1, clever 1
a: no special abilities


You were on level 2 of the Dungeon.
You visited 1 branch of the dungeon, and saw 2 of its levels.

You collected 45 gold pieces.

Inventory:

Hand Weapons
 a - a +0 short sword (weapon)
Missiles
 d - 7 boomerangs of dispersal (quivered)
Armour
 b - a +0 leather armour (worn)
Scrolls
 c - a scroll of blinking
 f - 2 scrolls of fog {unknown}
 g - a scroll of vulnerability {unknown}
 h - a scroll of identify {unknown}
 i - a scroll of enchant weapon {unknown}


   Skills:
 - Level 2.0 Fighting
 * Level 2.7 Short Blades
 - Level 0.8 Throwing
 - Level 0.8 Armour
 - Level 1.7 Dodging
 + Level 1.2 Stealth
 - Level 2.0 Spellcasting
 - Level 2.6 Translocations


You had 5 spell levels left.
You didn't know any spells.
Your spell library contained the following spells:

 Spells                   Type           Power      Damage    Failure   Level
 Blink                    Tloc           22%        N/A       12%         2
 Lesser Beckoning         Tloc           22%        N/A       12%         2
 Teleport Other           Tloc           11%        N/A       24%         3
 Vhi's Electric Charge    Tloc/Air       12%        N/A       38%         3
 Manifold Assault         Tloc           11%        N/A       63%         4


Dungeon Overview and Level Annotations

Branches:
Dungeon (2/15)

Altars:

Annotations:
D:2 Terence


Innate Abilities, Weirdness & Mutations

You may rarely emit foul miasma when damaged in melee.
You have sharp toenails.
Your mind is acute. (Int +4, Str/Dex -1)


Message History

You hit the endoplasm.
You kill the endoplasm!
You now have 45 gold pieces (gained 5).
Found a stone staircase leading up.
Terence the Incautious comes into view.
He is wielding a +0 falchion and carrying a wand of digging (3).
A hobgoblin comes into view.
Terence shouts!
Terence says, "Time to say good-bye..."
It was a potion of mutation.
You feel extremely strange.
You feel clever.
Your toenails lengthen and sharpen.
Terence hits you with a +0 falchion.
You closely miss Terence. You closely miss Terence. Your kick misses Terence.
Terence barely misses you.
You hit Terence but do no damage. You claw Terence.
Terence is lightly wounded.
Terence barely misses you.
Unknown command.
You hit Terence but do no damage.
Terence is lightly wounded.
Terence closely misses you.
You barely miss Terence. You claw Terence.
Terence is lightly wounded.
Terence hits you with a +0 falchion.
You hit Terence but do no damage.
Terence is lightly wounded.
Terence closely misses you.
You barely miss Terence. Your kick misses Terence.
Terence is lightly wounded.
You hit Terence. You claw Terence, but do no damage.
Terence is heavily wounded.
Terence barely misses you.
You closely miss Terence. Your kick misses Terence.
Terence is heavily wounded.
Terence hits you with a +0 falchion!
* * * LOW HITPOINT WARNING * * *
Unknown command.
You hit Terence but do no damage. You claw Terence.
Terence is severely wounded.
Terence hits you with a +0 falchion.
You die...

.........#...###..#
#.######.....####.#
##.......# .#
#..##.#......
#.........#..#
##.####.#...#.
####..# .#.#...
#.....# .#.....
########.@#### .#
...<.....@#
####......#
##.......##
#.........#
#.........#
#.........#
#.........#
...........#


You could see Terence.

Vanquished Creatures
  A dart slug (D:1)
  A bat (D:1)
  3 endoplasms
  4 giant cockroaches
  2 goblins (D:1)
  2 kobolds (D:1)
  3 ball pythons
  A frilled lizard (D:1)
  2 rats (D:1)
19 creatures vanquished.

Notes
Turn   | Place    | Note
-------+----------+-------------------------------------------
     0 | D:1      | Arximoufas the Demonspawn Warper began the quest for the
                  | Orb.
     0 | D:1      | Reached XP level 1. HP: 16/16 MP: 3/3
   268 | D:1      | Gained mutation: You may rarely emit foul miasma when
                  | damaged in melee. [demonic ancestry]
   268 | D:1      | Reached XP level 2. HP: 22/22 MP: 5/5
   366 | D:1      | Reached skill level 1 in Stealth
   769 | D:2      | Noticed Terence
   779 | D:2      | Gained mutation: Your mind is acute. (Int +4, Str/Dex -1)
                  | [potion of mutation]
   779 | D:2      | Gained mutation: You have sharp toenails. [potion of
                  | mutation]
   792 | D:2      | Slain by Terence

Illustrated notes

Levels and vault maps discovered:
D:1:      evilmike_arrival_crescent, layout_basic
D:2:      minmay_spotlight, layout_rooms, uniq_terence, uniq_crazy_yiuf_cottage

Skill      XL: |  1  2 |
---------------+-------+-----
Short Blades   | 2 |  2.7
Stealth        | 1 |  1.2
Fighting       | |  2.0
Throwing       | |  0.8
Armour         | |  0.8
Dodging        | |  1.7
Spellcasting   | |  2.0
Translocations | |  2.6

Action                     || total
---------------------------++-------
  Melee: Short sword       ||    79
         Kick              ||     4
    Use: Potion            ||     1
   Stab: Sleeping          ||     1
 Armour: Leather armour    ||    20
  Dodge: Dodged            ||    37

Table legend: (Time is in decaauts)
 A = Elapsed time spent in this place.
 B = Non-inter-level travel time spent in this place.
 C = Inter-level travel time spent in this place.
 D = Time resting spent in this place.
 E = Time spent auto-exploring this place.
 F = Levels seen in this place.
 G = Mean time per level.
                   A        B        C        D        E       F      G
               +--------+--------+--------+--------+--------+-----+--------+
         Total |    784 |    749 |     35 |      0 |    597 |   2 |  392.0 |
       Dungeon |    784 |    749 |     35 |      0 |    597 |   2 |  392.0 |
               +--------+--------+--------+--------+--------+-----+--------+

Top non-repeatable levels by time:
     D:1: 709 daAuts
     D:2: 75 daAuts
